[Event "3rd Manaus Open 2024"]
[Site "Manaus"]
[Date "2024.10.12"]
[Round "2.6"]
[White "Da Silva, Pablo Rodrigo"]
[Black "Santiago, Yago De Moura"]
[Result "0-1"]
[ECO "A81"]
[WhiteElo "1983"]
[BlackElo "2460"]
[Annotator "TA"]
[PlyCount "98"]
[EventDate "2024.10.05"]
[EventType "swiss"]
[EventCountry "BRA"]
[SourceTitle "playchess.com"]
[Source "ChessBase"]
[SourceQuality "1"]
[TimeControl "5400+30"]

1. d4 e6 2. g3 f5 3. Bg2 Nf6 4. Nf3 d5 5. O-O Ne4 {[%emt 0:00:12] [#]} 6. c4 $1 {[%emt 0:00:30] A81: Hollandse Verdediging: 2 g3.} Be7 (6... c6 7. Bf4) 7. Ne5 {[%emt 0:05:00] Onnauwkeurig} O-O {[%emt 0:00:31] OK} 8. Nd2 {[%emt 0:00:15] Wit staat iets beter.} c6 {[%emt 0:00:19] Onnauwkeurig} 9. e3 {[%emt 0:07:44] Fout (0.5)} (9. Qc2 $16) 9... Nd7 $146 {[%emt 0:02:08] OK} ({Predecessor:} 9... Nxd2 10. Bxd2 Nd7 11. Nxd7 Bxd7 12. Qb3 Qb6 13. c5 Qxb3 14. axb3 a6 15. Ba5 Rae8 16. Bc7 Bf6 {0-1 Keller,H (1603)-Hund,R (1688) Muensterland Cup-B 0910 sf 2009}) 10. Ndf3 {[%emt 0:00:26] OK} Bd6 {[%emt 0:01:39] Onnauwkeurig} 11. Qc2 {[%emt 0:08:44] Onnauwkeurig} Qe7 {[%emt 0:02:02] Onnauwkeurig} 12. Nxd7 {[%emt 0:08:38] Fout (0.5)} (12. b3 $16) 12... Bxd7 13. c5 {[%emt 0:00:10] Fout (0.7)} (13. Ne5 $14) 13... Bc7 $11 {[%emt 0:00:26] OK} 14. b4 a5 {[%emt 0:07:04] Onnauwkeurig} 15. Bd2 {[%emt 0:02:46] Fout (0.8)} (15. bxa5 $11 Rxa5 16. a4) 15... a4 {[%emt 0:00:51] Zwart heeft actievere stukken. Fout (0.7)} (15... Nxd2 $15 16. Qxd2 a4) 16. a3 {[%emt 0:00:56] Fout (0.6)} (16. Ne5 $11) 16... Be8 {[%emt 0:00:27] Fout (0.8)} (16... g5 $15) 17. Ne5 $1 {[%emt 0:02:16] Sterk} Nf6 18. f3 {[%emt 0:04:59] OK} Bxe5 {[%emt 0:03:12] Onnauwkeurig} 19. dxe5 Nd7 {[%emt 0:00:07] OK} 20. Bc3 {[%emt 0:02:34] OK} {Zwart zou moeten spelen} g5 {[%emt 0:01:25] Zwart is zwak op de donkere velden. Fout (0.6)} (20... Nb8 $14) 21. Bd4 {[%emt 0:16:25] Onnauwkeurig} f4 22. exf4 {[%emt 0:06:08] OK} gxf4 23. Rac1 {[%emt 0:06:34] Fout (0.6)} (23. Kh1 $16) 23... Bg6 24. Qe2 {[%emt 0:01:19] Fout (0.5)} (24. Qd2 $14) 24... Rf7 {[%emt 0:02:50] Fout (0.6)} (24... Qg5 $11) 25. g4 {[%emt 0:04:06] Fout (1.1)} (25. Qd2 $14) 25... Nb8 {[%emt 0:01:00] Fout (1.1)} (25... h5 $15) 26. Rf2 Na6 {[%emt 0:01:19][%cal Bb8a6,Ba6c7,Bc7b5][%mdl 32] EV=13.35. Goes to b5 (dbg))} 27. Qb2 {[%emt 0:00:42] Fout (0.7)} (27. Bf1 $16) 27... Bd3 {[%emt 0:01:32] Fout (0.8)} (27... h5 $11) {Wit zou moeten proberen} 28. Bf1 {[%emt 0:07:11] Fout (0.9)} (28. Kh1 $16) 28... Bxf1 {[%emt 0:01:07] OK} 29. Rfxf1 {[%emt 0:00:21] Houdt de partij in balans. Fout (0.6)} (29. Rcxf1 $11 Nc7 30. Rg2) 29... Nc7 $17 {[%emt 0:00:13][%cal Oh7h5] OK} 30. Qf2 Nb5 31. Ra1 {[%emt 0:00:13] Fout (1.6)} (31. Bb2 $1 $15) 31... Rg7 {[%emt 0:01:49] is dodelijker. Fout (1.3)} (31... h5 $1 $19 {En nu zou ...hxg4 winnen.} 32. gxh5 Rf5) 32. Kh1 {Zwart zou moeten proberen} Kh8 {[%emt 0:00:37] Fout (0.6)} (32... h5 $17 33. gxh5 Kh7) 33. Rg1 $15 {[%emt 0:04:09] OK} Rag8 {[%emt 0:02:05][%cal Oh7h5] Hoopt vervolgens op ...h5! OK} {Wit zou moeten spelen} 34. Qd2 {[%emt 0:01:55] Fout (1.2)} (34. h3 $15) {Beter is} 34... Rf7 {[%emt 0:01:36] Fout (1.4)} (34... h5 $1 $17 35. Qxf4 (35. gxh5 Rxg1+ 36. Rxg1 Rxg1+ 37. Bxg1 Qg5 $17) 35... Qf7 36. Qxf7 Rxf7) 35. Bf2 $11 {[%emt 0:00:45] Beste (Gemakkelijk)} Qc7 36. Rge1 {[%emt 0:01:35] blijft gelijk. Fout (1.0)} (36. Qe2 $11) 36... Qd8 $17 {[%emt 0:01:19] OK} 37. Red1 {[%emt 0:01:45] [#] gaat door met vechten. Fout (0.7)} (37. h4 $17) 37... h5 $1 $19 {[%emt 0:02:15][%cal Rh5g4] Sterk} 38. Qe1 {[%emt 0:00:53] Een waardevolle zet. Fout (0.9)} ({Veel slechter is} 38. Rg1 hxg4 39. fxg4 (39. Rxg4 $2 Rxg4 40. fxg4 Qg5 $19) 39... d4 (39... Qg5 40. Qd3 $17)) (38. h3) 38... hxg4 {[%emt 0:00:43] Beste (Gemakkelijk)} 39. Bh4 {[%emt 0:00:10] OK} Qf8 {[%emt 0:00:49] OK} 40. Bf6+ Kh7 {[%emt 0:00:46][%cal Rf7f6] met als doel voor ...Rxf6.} 41. Qf2 {[%emt 0:01:36] Onnauwkeurig} g3 {[%emt 0:45:47] OK} 42. Qc2+ {[%emt 0:00:56] OK} Rg6 {[%emt 0:00:00] Beste (Gemakkelijk)} 43. hxg3 {[%emt 0:00:19] Beste} fxg3 (43... Qh6+ 44. Kg2 Kg8 (44... fxg3 $2 {slaat de verkeerde figuur.} 45. Rh1 $18) 45. g4 $11) 44. Kg2 {[%emt 0:00:14] [#] Rh1+ zou dodelijk zijn nu. Beste} Rfxf6 $1 {[%emt 0:00:00] Sterk} ({Maar niet} 44... Qh6 $2 45. Rh1 $18 (45. Qxa4 $2 {is een zelfmat.} Qh2+ 46. Kf1 Qf2#) (45. Qxa4 $2 {Leidt naar mat.} Qh2+ 46. Kf1 Qf2#)) 45. exf6 Qxf6 46. Rh1+ Kg7 {[%emt 0:00:00] Beste} 47. Qxa4 $2 {[%emt 0:02:10] Fout (Mat)} (47. Rad1 $19) 47... Qb2+ {[%emt 0:00:00] Beste. Zwart zet mat.} 48. Kh3 {[%emt 0:00:28] OK} g2 49. Qc2 Qf6 {[%emt 0:00:30] Blunder waarde: Wit=0.57/Zwart=0.29 (precies) .  Fout:        	Wit=17     	Zwart=9      Onnauwkeurig:    	Wit=4      	Zwart=5      OK:         	Wit=8      	Zwart=10     Beste:        	Wit=3      	Zwart=4      Sterk:        	Wit=1      	Zwart=2} (49... Qxc2 $142 50. Rhg1 Qf2 (50... Qf5+ $2 {wordt mat gezet.} 51. Kh4 Qg5+ 52. Kh3 Rh6#) 51. Rxg2 Qxg2+ 52. Kh4 Rh6#) 0-1

[Event "3rd Manaus Open 2024"]
[Site "Manaus"]
[Date "2024.10.12"]
[Round "2.7"]
[White "Flom, Gabriel"]
[Black "Pinto, Pedro Jorge de Morae"]
[Result "1-0"]
[ECO "A44"]
[WhiteElo "2460"]
[BlackElo "1959"]
[Annotator "TA"]
[PlyCount "41"]
[EventDate "2024.10.05"]
[EventType "swiss"]
[EventCountry "BRA"]
[SourceTitle "playchess.com"]
[Source "ChessBase"]
[SourceQuality "1"]
[TimeControl "5400+30"]

1. d4 c5 2. d5 e5 3. e4 d6 4. a4 a6 5. Nc3 f5 (5... Be7 $16) 6. exf5 $18 {[%emt 0:00:54] A44: Semi-Benoni.} Bxf5 7. Bd3 {[%emt 0:00:05] OK} Bxd3 {[%emt 0:03:44] OK} 8. Qxd3 {[%emt 0:00:08] Wit staat duidelijk beter.} ({Weersta} 8. cxd3 $6 Nd7 $14) 8... Be7 9. Nf3 Nd7 10. Ne4 {[%emt 0:01:15] Fout (1.0)} (10. a5 $18) 10... Qc8 $146 {[%emt 0:03:52] gaat door met vechten. Fout (1.1)} (10... Ngf6 $16) ({Predecessor:} 10... Nf8 11. Nfd2 Nf6 12. Nxf6+ gxf6 13. a5 Qd7 14. Nc4 Bd8 15. f4 Ng6 16. O-O Rg8 {1-0 Tobyas,M (2310)-Mozny,M (2375) Prague T10 1990 (11)}) 11. Nfg5 {[%emt 0:02:19] OK} Nf8 {[%emt 0:00:23] is een betere verdediging. Afleidend Ne6. Fout (1.2)} (11... Ngf6 12. Nxf6+ Nxf6) 12. f4 {[%emt 0:01:11] OK} h6 {[%emt 0:20:44] Beste} 13. Nf3 {[%emt 0:00:05][%cal Bg5f3,Bf3d2,Bd2c4][%mdl 32] EV=32.39. Goes to c4 (dbg)). OK} exf4 14. Bxf4 Qd7 {[%emt 0:00:01] Kan vruchtbaar zijn. Fout (1.8)} (14... Qc7 15. Nfd2 O-O-O) 15. O-O {[%emt 0:01:24] [#] En nu zou Nfd2 winnen.} Nf6 16. Nfd2 Nxe4 {[%emt 0:01:35] Fout (2.2)} (16... N8h7 $142 17. Nxf6+ Bxf6 18. Rae1+ Kd8) 17. Qxe4 {[%emt 0:01:00] met als doel voor Nc4. Wit is duidelijk aan het winnen.} O-O-O {[%emt 0:01:58] OK} 18. Nc4 Qc7 {[%emt 0:04:41] Voorkomt Nb6+.} 19. Bd2 b6 {[%emt 0:02:44] Zwart is zwak op de lichte velden} 20. Rf7 Rd7 21. a5 {[%emt 0:00:32] Blunder waarde: Wit=0.16 (erg precies) /Zwart=0.98.  Fout:        	Wit=1      	Zwart=4      OK:         	Wit=4      	Zwart=2      Beste:        	---       	Zwart=1} 1-0

[Event "3rd Manaus Open 2024"]
[Site "Manaus"]
[Date "2024.10.12"]
[Round "2.8"]
[White "Rodriguez Vila, Andres"]
[Black "Do Carmo, Gabriel Carckeno"]
[Result "1-0"]
[ECO "C02"]
[WhiteElo "2419"]
[BlackElo "1941"]
[Annotator "RC"]
[PlyCount "43"]
[EventDate "2024.10.05"]
[EventType "swiss"]
[EventCountry "BRA"]
[SourceTitle "playchess.com"]
[Source "ChessBase"]
[SourceQuality "1"]
[TimeControl "5400+30"]

1. e4 e6 2. d4 d5 3. e5 c5 4. c3 Nc6 5. Nf3 Qb6 6. Bd3 cxd4 7. O-O Bd7 8. cxd4 Nxd4 9. Nbd2 Nc6 10. Nb3 Nh6 11. Bf4 Nb4 12. Be2 Rc8 13. Be3 Qd8 14. Nbd4 a6 15. Qb3 Qa5 16. a3 Nc6 17. Qxb7 Nf5 18. Rfc1 Qc7 19. Qxc7 Rxc7 20. Nxf5 exf5 21. Bxa6 d4 22. Nxd4 1-0

[Event "3rd Manaus Open 2024"]
[Site "Manaus"]
[Date "2024.10.12"]
[Round "2.9"]
[White "Cubas, Jose Fernando"]
[Black "McDonald, Ian"]
[Result "1/2-1/2"]
[ECO "B22"]
[WhiteElo "2412"]
[BlackElo "1923"]
[Annotator "RC"]
[PlyCount "96"]
[EventDate "2024.10.05"]
[EventType "swiss"]
[EventCountry "BRA"]
[SourceTitle "playchess.com"]
[Source "ChessBase"]
[SourceQuality "1"]
[TimeControl "5400+30"]

1. e4 c5 2. Nf3 Nc6 3. c3 Nf6 4. e5 Nd5 5. d4 cxd4 6. Bc4 Nb6 7. Bb3 d5 8. exd6 e6 9. cxd4 Bxd6 10. Nc3 O-O 11. O-O Nb4 12. Re1 Bd7 13. Bg5 f6 14. Bh4 N4d5 15. Qd3 Rc8 16. Ne5 Be8 17. Bc2 g6 18. Ng4 Nb4 19. Qe2 Nxc2 20. Qxc2 g5 21. Bg3 Bxg3 22. hxg3 Qxd4 23. Qe2 Rc6 24. Nb5 Qc4 25. Nxa7 Qxe2 26. Rxe2 Rd6 27. Rc2 Nd5 28. Nc8 Rc6 29. Rac1 Rxc2 30. Rxc2 Bg6 31. Rc5 Rd8 32. f3 Be8 33. Nf2 Bc6 34. Na7 Bd7 35. Ra5 Be8 36. Ne4 Bg6 37. Nb5 Bxe4 38. fxe4 Ne3 39. Kf2 Nc4 40. Ra7 Rd2+ 41. Kg1 Ne3 42. Rxb7 Rxg2+ 43. Kh1 Rxb2 44. a4 Rb1+ 45. Kh2 Rb2+ 46. Kg1 Rg2+ 47. Kh1 Rf2 48. a5 Rf1+ 1/2-1/2

[Event "3rd Manaus Open 2024"]
[Site "Manaus"]
[Date "2024.10.12"]
[Round "3"]
[White "Zanette, Edgard Vinicius"]
[Black "Presa, Luis Alberto Passos"]
[Result "1-0"]
[ECO "B01"]
[WhiteElo "2064"]
[BlackElo "1800"]
[Annotator "RC"]
[PlyCount "73"]
[EventDate "2024.10.05"]
[EventType "swiss"]
[EventCountry "BRA"]
[SourceTitle "playchess.com"]
[Source "ChessBase"]
[SourceQuality "1"]
[TimeControl "5400+30"]

1. e4 d5 2. exd5 Qxd5 3. Nc3 Qa5 4. Bc4 Nf6 5. h3 c6 6. Qe2 e6 7. d3 Nbd7 8. Bd2 Qe5 9. f4 Qxe2+ 10. Ngxe2 Nb6 11. Bb3 Be7 12. O-O O-O 13. Rae1 Nbd5 14. Nd1 Bc5+ 15. Kh1 Bd7 16. a3 Rad8 17. g4 Bc8 18. Ng3 b5 19. Re2 Bd6 20. g5 Nd7 21. Ne4 Bc7 22. c4 bxc4 23. dxc4 N5b6 24. Bb4 Rfe8 25. Nd6 Bxd6 26. Bxd6 Bb7 27. Rfe1 c5+ 28. Kh2 Ba6 29. Ne3 Rc8 30. Nf5 Kh8 31. Ne7 Ra8 32. f5 Bxc4 33. Bxc4 Nxc4 34. fxe6 Nxd6 35. exd7 Red8 36. Rd1 Rxd7 37. Nf5 1-0

[Event "3rd Manaus Open 2024"]
[Site "Manaus"]
[Date "2024.10.13"]
[Round "3.1"]
[White "Filgueiras, Nathan Felipe"]
[Black "Leitao, Rafael"]
[Result "0-1"]
[ECO "C90"]
[WhiteElo "2343"]
[BlackElo "2592"]
[Annotator "TA"]
[PlyCount "46"]
[EventDate "2024.10.05"]
[EventType "swiss"]
[EventCountry "BRA"]
[SourceTitle "playchess.com"]
[Source "ChessBase"]
[SourceQuality "1"]
[TimeControl "5400+30"]

1. e4 e5 2. Nf3 Nc6 3. Bc4 Nf6 4. d3 Be7 5. O-O O-O 6. Re1 d6 7. c3 Na5 8. Bb5 a6 9. Ba4 b5 10. Bc2 c5 11. a3 Nc6 12. b4 a5 13. bxc5 {[%emt 0:03:28] The position is equal.} dxc5 14. h3 ({White should play} 14. Nbd2 $11) 14... Qc7 15. Bb2 Rd8 16. Qe2 Nh5 17. Bc1 a4 {[%emt 0:12:34] Dodges Bb3} 18. Nh2 (18. c4 $15) 18... Nf4 {[%emt 0:02:05] Black is more active.} 19. Qf3 (19. Bxf4 $17 {was necessary.} exf4 20. e5) 19... b4 $19 20. axb4 cxb4 21. Rxa4 (21. Bxf4 exf4 22. Rxa4 Rxa4 (22... Ne5 $2 23. Qe2 $19) 23. Bxa4 bxc3 (23... Ne5 $2 24. Qe2 $19) 24. Rc1 (24. Nxc3 $2 {loses.} Nd4 $19)) 21... Rxa4 {[%emt 0:03:32] Black is clearly winning.} 22. Bxa4 Rxd3 23. Re3 {[%emt 0:01:52] [#]} Nd4 $1 {[%emt 0:01:05][%mdl 512] White got outplayed after the opening.   Weighted Error Value: White=0.97/Black=0.07 (flawless) .  Mistake:       	White=4     	---        Inaccurate:     	White=3     	Black=1      OK:         	White=2     	Black=3      Best:        	---       	Black=1} 0-1

[Event "3rd Manaus Open 2024"]
[Site "Manaus"]
[Date "2024.10.13"]
[Round "3.2"]
[White "Fier, Alexandr"]
[Black "Pinero Rodriguez, Carlos Jose"]
[Result "1/2-1/2"]
[ECO "E61"]
[WhiteElo "2539"]
[BlackElo "2305"]
[Annotator "TA"]
[PlyCount "72"]
[EventDate "2024.10.05"]
[EventType "swiss"]
[EventCountry "BRA"]
[SourceTitle "playchess.com"]
[Source "ChessBase"]
[SourceQuality "1"]
[TimeControl "5400+30"]

1. d4 Nf6 2. c4 d6 3. Nf3 g6 4. Nc3 Bf5 5. g3 Ne4 6. Nxe4 Bxe4 7. Bh3 Bg7 8. O-O {[%emt 0:00:06] White is slightly better.} O-O 9. d5 Bxf3 10. exf3 Nd7 11. f4 a5 12. f5 a4 13. fxg6 hxg6 14. Rb1 c6 15. Re1 Ne5 16. Bg2 Qc7 17. h4 cxd5 18. cxd5 Qc4 19. b3 axb3 20. axb3 Qg4 21. Qxg4 Nxg4 22. Re4 f5 23. Rxe7 Bd4 24. Be3 (24. Rxb7 Bxf2+ 25. Kh1 Bxg3) (24. Re2 Rfe8 (24... Rae8 25. Rxe8 Rxe8 26. Bf4 $11) 25. Rxe8+ Rxe8) 24... Bxe3 25. fxe3 Rfc8 26. e4 Ra2 {[%emt 0:05:47] Strongly threatening ...Rcc2.} (26... Rc3 {simplifies} 27. exf5 Rxg3 28. Re2 gxf5 29. Rf1 Rf8) 27. exf5 (27. Rxb7 Rc3 (27... Rcc2 $2 28. Bf3 $19) 28. Kh1 Rcc2 (28... Rxg3 29. Rc1 $11) 29. exf5 Rxg2 30. Rb8+ Kg7 $19) 27... Rcc2 28. Bf1 {[%emt 0:00:00] [#]} ({Avoid the trap} 28. Be4 $2 Rc3 $19) (28. Bf3 $11 {and White has nothing to worry.} Ne5 29. Rf1) 28... Rc3 $2 (28... Nh2 $1 $19 {[%cal Rh2f3] ( -> ...Nf3+)} 29. Re3 Rf2 30. fxg6 Nf3+ 31. Rxf3 Rxf3) 29. Re2 Rxg3+ 30. Kh1 Rxe2 31. Bxe2 $15 {[%emt 0:00:00][%mdl 4096] Endgame. KRB-KRN} Nf2+ 32. Kh2 {[%emt 0:00:00] The position is equal.} Re3 33. Bc4 {[%emt 0:00:00] [#] Rg1 is the strong threat.} gxf5 34. Rf1 Ng4+ 35. Kg2 Re5 {[%emt 0:00:35] aiming for ...Ne3+.} 36. Ra1 Ne3+ {[%emt 0:01:11] Weighted Error Value: White=0.19 (very precise) /Black=0.15 (very precise) .  Loses game:     	White=1     	---        Mistake:       	---       	Black=1      Inaccurate:     	White=4     	---        OK:         	White=7     	Black=16     Best:        	White=2     	---} 1/2-1/2

[Event "3rd Manaus Open 2024"]
[Site "Manaus"]
[Date "2024.10.13"]
[Round "3.3"]
[White "Piccoli, Lucas Fonseca"]
[Black "Quintiliano, Renato R."]
[Result "0-1"]
[ECO "B92"]
[WhiteElo "2266"]
[BlackElo "2513"]
[Annotator "TA"]
[PlyCount "85"]
[EventDate "2024.10.05"]
[EventType "swiss"]
[EventCountry "BRA"]
[SourceTitle "playchess.com"]
[Source "ChessBase"]
[SourceQuality "1"]
[TimeControl "5400+30"]

1. e4 c5 2. Nf3 d6 3. d4 cxd4 4. Nxd4 Nf6 5. Nc3 a6 6. Be2 e5 7. Nb3 Be7 8. O-O O-O 9. Qd3 Be6 10. Bd2 Nbd7 11. Nd5 Bxd5 12. exd5 {[%emt 0:00:06] The position is equal.} Rc8 13. c4 b6 14. a4 a5 15. Qh3 Ne8 16. f4 {[%emt 0:07:49] Black is weak on the light squares} Bf6 17. Bg4 Rc7 {[%emt 0:00:10] [#]} 18. Nxa5 bxa5 $17 19. Bxa5 {[%emt 0:00:02] [#]} Nc5 $1 20. b4 $11 {[%emt 0:00:44] [#]} (20. Bxc7 Qxc7 21. b4 exf4 $17) 20... exf4 (20... Na6 $1 $15) 21. Ra2 {[%emt 0:17:52] [#]} (21. Bxc7 Qxc7 22. Rae1 Nxa4 $17) ({White should play} 21. bxc5 $11 Bxa1 22. Rxa1 dxc5 23. Bxc7 Qxc7 24. Qc3) 21... Qb8 $1 22. bxc5 (22. Bxc7 $2 Qxb4 23. Qa3 (23. Bf5 $2 g6 $19) 23... Qxa3 (23... Qxc4 $2 24. Bb6 $19) 24. Rxa3 Nxc7 25. Rxf4 Rb8 $19) 22... Rxc5 23. Bd2 Rxc4 24. a5 Qb5 (24... Rc7 $11) 25. Qf3 $2 {[%emt 0:11:27][%mdl 8192] [#]} (25. Rxf4 $2 Rxf4 (25... Qxd5 26. Qf3 $15) 26. Bxf4 Qb1+ (26... Qxd5 $2 27. Re2 $19) 27. Kf2 Qxa2+ $19) (25. Be2 $1 $14 {keeps the upper hand.} Bd4+ 26. Kh1 Qxd5 27. Qb3 (27. Bxc4 Qxc4 28. Raa1 Bxa1 $15) (27. Rxf4 Rc5 $11) (27. Bxf4 Rc3 $15)) 25... Be5 (25... Bd4+ $1 $19 {has better winning chances.} 26. Kh1 Be3 (26... Nf6 27. Bf5 $11)) 26. Bf5 (26. a6 $2 Ra4 27. Rxa4 Qxa4 28. Bxf4 Qxa6 $19) 26... Ra4 27. Rb1 $2 (27. Rxa4 $17 Qxa4 28. Qe4 (28. Bxf4 $2 {perishes.} Bxf4 29. Qxf4 Qxa5 $19)) 27... Qc5+ $19 28. Be3 Qxa5 (28... Rxa2 29. Bxc5 dxc5 30. Bxh7+ Kh8 31. Bd3 $11) 29. Rxa4 Qxa4 30. Bf2 Nf6 31. Kh1 g6 32. Bd3 Qa2 33. Rd1 Qxd5 34. Qe2 Qe6 35. h3 Rb8 36. Bc4 $2 {[%emt 0:00:37] [#]} (36. Re1) 36... f3 $1 37. Qd3 fxg2+ 38. Kg1 (38. Kxg2 $142 Qc8 39. Rb1) 38... Qe7 {[%emt 0:00:00][%cal Of6e4] And now ...Ne4! would win.} 39. Qf3 Rb4 40. Qd3 {[%emt 0:00:31] [#]} Ne4 $1 {[%emt 0:00:00] ( -> ...Nxf2)} 41. Be1 (41. Bd4 Qh4) 41... Rb2 42. Qa3 Qg5 43. Bb4 {[%emt 0:01:04] Weighted Error Value: White=0.90/Black=0.43.  Loses game:     	White=2     	---        Mistake:       	White=3     	Black=4      Inaccurate:     	White=4     	---        OK:         	White=8     	Black=10     Best:        	White=3     	Black=1} 0-1

[Event "3rd Manaus Open 2024"]
[Site "Manaus"]
[Date "2024.10.13"]
[Round "3.4"]
[White "Ribeiro, Matheus Mendes Domin"]
[Black "Di Berardino, Diego Rafael"]
[Result "0-1"]
[ECO "A37"]
[WhiteElo "2250"]
[BlackElo "2479"]
[Annotator "TA"]
[PlyCount "92"]
[EventDate "2024.10.05"]
[EventType "swiss"]
[EventCountry "BRA"]
[SourceTitle "playchess.com"]
[Source "ChessBase"]
[SourceQuality "1"]
[TimeControl "5400+30"]

1. c4 g6 2. Nc3 c5 3. Nf3 Bg7 4. g3 Nc6 5. Bg2 e5 6. O-O d6 7. d3 Nge7 8. a3 O-O 9. Rb1 a5 10. Ne1 Be6 11. Nd5 Rb8 12. Nc2 b5 13. Bg5 f6 14. Bd2 a4 (14... bxc4 $15 15. dxc4 f5) 15. cxb5 {[%emt 0:13:27] The position is equal.} Rxb5 16. Nc3 Ra5 17. Ne3 Bb3 18. Qe1 Nd4 19. Ncd5 Rb5 20. Bc3 Nc2 (20... f5 $15) 21. Nxe7+ $11 Qxe7 22. Nxc2 Bxc2 23. Bd5+ Kh8 24. Rc1 Bb3 25. Bc4 Rbb8 26. e4 f5 27. f4 (27. exf5 $11 gxf5 (27... Rxf5 28. Qe4 $11) 28. Bxb3 Rxb3 (28... axb3 29. f4 $11) 29. f4) 27... exf4 (27... Bxc4 $17 28. dxc4 exf4 29. Rxf4 Rbe8 30. Bxg7+ Qxg7) 28. Rxf4 Bxc4 29. dxc4 {[%emt 0:00:00] [#]} (29. Bxg7+ $11 Qxg7 30. Rxc4) 29... Rbe8 $1 $17 {[%emt 0:00:12] Black is more active.} 30. exf5 (30. Bxg7+ $17 Qxg7 31. Rd1) 30... Qxe1+ $19 ({Don't do} 30... Rxf5 31. Qxe7 Rxe7 32. Bxg7+ Kxg7 33. Rxf5 gxf5 34. Rd1) 31. Bxe1 {[%emt 0:00:12] [#] This costs White the game.} (31. Rxe1 $17 {is the only way for White.} Rxe1+ (31... gxf5 32. Bxg7+ Kxg7 33. Rxe8 $11) 32. Bxe1) 31... Bh6 $1 ({Inferior is} 31... gxf5 32. Bc3 $11) ({Less strong is} 31... Rxf5 32. Rxf5 gxf5 33. Bc3 $15) 32. Bc3+ Kg8 33. fxg6 Bxf4 34. gxh7+ Kxh7 35. gxf4 Rxf4 {[%emt 0:00:15][%mdl 4096] Endgame. KRR-KRB} 36. Rd1 Re6 (36... Rxc4 $2 37. Rxd6 Re2 38. h3 $19) 37. Kg2 Rg6+ 38. Kh3 Rxc4 39. Re1 d5 40. Re7+ Kg8 41. Be1 Re4 42. Rxe4 dxe4 43. Bf2 c4 {[%emt 0:00:08] ( -> ...Kf7)} 44. Bg3 e3 {[%emt 0:00:07] Black mates.} 45. Kg2 Rf6 46. Be5 e2 {[%emt 0:00:44] Weighted Error Value: White=0.74/Black=0.10 (very precise) .  Mistake:       	White=4     	Black=3      Inaccurate:     	White=1     	Black=1      OK:         	White=8     	Black=9      Best:        	White=1     	Black=5      Strong:       	---       	Black=2} 0-1